 Dungeon Crawl Stone Soup version 0.22-a0-305-gd21a89c (webtiles) character file.

179 Fingolfin the Skirmisher (level 5, -3/57 HPs)
             Began as a Naga Wanderer on Mar 30, 2018.
             Was an Initiate of Gozag.
             Slain by an ice beast (14 damage)
             ... on level 3 of the Dungeon.
             The game lasted 00:07:54 (2443 turns).

Fingolfin the Skirmisher (Naga Wanderer)            Turns: 2443, Time: 00:07:56

Health: -3/57      AC:  6    Str: 14    XL:     5   Next: 59%
Magic:  5/5        EV:  8    Int: 12    God:    Gozag
Gold:   291        SH:  0    Dex: 12    Spells: 4/4 levels left

rFire    . . .     SeeInvis +   a - +0 spear (flame)
rCold    . . .     Gourm    .   (no shield)
rNeg     . . .     Faith    .   c - +0 ring mail
rPois    +         Spirit   .   r - +1 helmet
rElec    .         Reflect  .   (no cloak)
rCorr    +         Harm     .   (no gloves)
MR       .....                  (no barding)
Stlth    ++........             (no amulet)
HPRegen  0.19/turn              (no ring)
MPRegen  0.09/turn              i - ring of resist corrosion

@: gold aura, very slightly contaminated, invisible, very slow
A: large, see invisible, deformed body, poison resistance, slowness 2, slow
metabolism 1, spit poison 1, AC +1
a: Spit Poison, Potion Petition, Call Merchant, Bribe Branch, Renounce Religion


You were on level 3 of the Dungeon.
You worshipped Gozag.
Gozag was aware of your devotion.
You were not hungry.

You visited 1 branch of the dungeon, and saw 3 of its levels.

You collected 309 gold pieces.
You paid 18 gold pieces to Gozag.

Inventory:

Hand Weapons
 a - a +0 spear of flaming (weapon)
 b - a +2 hand crossbow
Missiles
 d - 23 bolts
Armour
 c - a +0 ring mail (worn)
 l - a +0 buckler
 r - a +1 helmet (worn)
Jewellery
 i - a ring of resist corrosion (right hand)
Scrolls
 j - 2 scrolls of teleportation
 k - a scroll of amnesia
 p - a scroll of enchant weapon
 s - a scroll of random uselessness {unknown}
 t - a scroll of remove curse
Potions
 g - a potion of brilliance
 o - 2 potions of invisibility
 q - 2 potions of flight
Comestibles
 f - a ration


   Skills:
 + Level 7.4 Fighting
   Level 1.0 Bows
 - Level 1.0 Crossbows
 - Level 5.0 Stealth
   Level 1.0 Evocations


You had 4 spell levels left.
You didn't know any spells.

Dungeon Overview and Level Annotations

Branches:
Dungeon (3/15)

Altars:
Gozag


Innate Abilities, Weirdness & Mutations

You cannot wear boots.
Your serpentine skin is tough. (AC +1)
You have supernaturally acute eyesight. (SInv)
Armour fits poorly on your strangely shaped body.
Your system is resistant to poisons. (rPois)
You cover ground very slowly.
You have a slow metabolism.
You can spit poison.


Message History

You strike the helpless adder zombie from behind!
You hit the adder zombie. You burn the adder zombie.
The adder zombie is severely damaged.
The adder zombie closely misses you.
You barely miss the adder zombie.
The adder zombie is severely damaged.
The adder zombie bites you.
* * * LOW HITPOINT WARNING * * *
You hit the adder zombie. You burn the adder zombie.
You destroy the adder zombie!
You hit the ice beast.
You melt the ice beast.
The ice beast is severely wounded.
The ice beast hits you but does no damage.
You hit the ice beast but do no damage.
The ice beast is severely wounded.
The ice beast hits you.
* * * LOW HITPOINT WARNING * * *
The ice beast freezes you!
You die...
Your body crumbles into a pile of gold.

##....####.#.....#####..........#
##.#.....#...##...# #..........#
...[..##.##.......# #...........
##..#.##.##.###...# #....()...##
............# ..# #####)#####
###......#### .# #)######
#.......# # #[.....# ##......#
######### #...##.# #.........
#.#@#...#.# ###.....
...#.#......##)#Y....# #.....
#######......#)#..#.#..#$ #...##
#.#######..##.# .####..## .#
#..## .. .#....# #.## $..
#.####.# #..## ..##..#...)#
##..##.##..#####.### #.#..###..#
##.#.#


You could see an ice beast.

Vanquished Creatures
  A jelly (D:2)
  An orc wizard (D:3)
  4 gnolls (D:3)
  2 oozes (D:1)
  An adder zombie (D:3)
  A worm (D:3)
  3 leopard geckos
  4 orcs (D:3)
  2 giant cockroaches
  7 goblins
  8 hobgoblins
  6 jackals
  6 bats
  3 frilled lizards
  6 kobolds
  7 rats
62 creatures vanquished.

Notes
Turn   | Place    | Note
-------+----------+-------------------------------------------
     0 | D:1      | Fingolfin the Naga Wanderer began the quest for the Orb.
     0 | D:1      | Fingolfin set off with: a +2 hand crossbow, 24 bolts, a +0 ring mail, a +0 shortbow, 24 arrows, a ration
     0 | D:1      | Reached XP level 1. HP: 26/26 MP: 1/1
    39 | D:1      | Reached XP level 2. HP: 25/33 MP: 2/2
   325 | D:1      | Reached XP level 3. HP: 33/40 MP: 3/3
   826 | D:2      | Reached skill level 5 in Stealth
   885 | D:2      | Reached XP level 4. HP: 17/49 MP: 4/4
  1220 | D:2      | Found an opulent altar of Gozag.
  1226 | D:2      | Became a worshipper of Gozag Ym Sagoz the Greedy
  1713 | D:3      | Reached XP level 5. HP: 20/56 MP: 5/5
  1999 | D:3      | Reached skill level 7 in Fighting
  2415 | D:3      | Noticed an ice beast
  2443 | D:3      | Slain by an ice beast

Vault maps used:
D:1:      erik_arrival_gehennom
D:2:      nicolae_gozag_cash_rules_everything_around_me
D:3:      minmay_diamond_boxcup, nemelex_xobeh_ov_fountains_minmay

Skill      XL: |  1  2  3  4  5 |
---------------+----------------+-----
Stealth        | 3 4 5 |  5.0
Fighting       | 7 |  7.4
Bows           | |  1.0
Crossbows      | |  1.0
Evocations     | |  1.0

Action                   |  1- 3 |  4- 6 || total
-------------------------+-------+-------++-------
Melee: Short sword       |    41 |    59 ||   100
       Spear             |       |    33 ||    33
 Fire: Hand crossbow     |    13 |       ||    13
 Abil: Spit Poison       |    13 |    26 ||    39
  Use: Scroll            |     1 |     8 ||     9
       Potion            |       |     4 ||     4
 Stab: Invisible         |       |     3 ||     3
       Distracted        |       |     2 ||     2
       Sleeping          |       |     2 ||     2
  Eat: Ration            |       |     2 ||     2
Armor: Ring mail         |    12 |    52 ||    64
Dodge: Dodged            |    21 |    36 ||    57

Table legend:
 A = Spawn XP
 B = Non-spawn XP
 C = Spawn XP percentage of total XP
 D = Spawn monster count
 E = Non-spawn monster count
 F = Spawn count percentage of total count
 G = Total turns spent on level
                    A         B        C        D         E        F      G
               +---------+---------+-------+---------+---------+-------+---------
         Total |       0 |     256 |   0.0 |       0 |      62 |   0.0 |  2443
               +---------+---------+-------+---------+---------+-------+---------
           D:1 |       0 |      45 |   0.0 |       0 |      21 |   0.0 |   789
           D:2 |       0 |      76 |   0.0 |       0 |      18 |   0.0 |   882
           D:3 |       0 |     135 |   0.0 |       0 |      23 |   0.0 |   772
               +---------+---------+-------+---------+---------+-------+---------
